Map: Distretto abbandonato

Players

Swift

  • Race: Terran Terran
  • Spawn Location: 12:00

Rüdiger

  • Race: Terran Terran
  • Spawn Location: 9:00

Tristan

  • Race: Zerg Zerg
  • Spawn Location: 3:00

yulya

  • Race: Protoss Protoss
  • Spawn Location: 12:00

Jhyrachy

  • Race: Zerg Zerg
  • League: Silver
  • Spawn Location: 6:00

Čepička

  • Race: Protoss Protoss
  • Spawn Location: 3:00

Anıl

  • Race: Terran Terran
  • League: Silver
  • Spawn Location: 7:00

acki

  • Race: Protoss Protoss
  • Spawn Location: 6:00

VOD

Have the link to the VOD?

Description

Time

  • Played on: March 27, 2016, 5:06 p.m.
  • Length: 21:47
Show
View Real Time Build Order
Export as new Build Order

Swift Terran 

Build Orders: MMM Bio 

Get SALT Encoding   

  12  0:01  SCV  
  13  0:13  SCV  
  14  0:19  Supply Depot  
  14  0:26  Refinery  
  14  0:29  SCV  
  15  0:43  Barracks  
  15  0:47  SCV  
  16  1:01  Barracks  
  16  1:05  SCV  
  17  1:23  SCV  
  17  1:24  Barracks  
  18  1:30  Reaper  
  19  1:35  SCV  
  20  1:50  Marine  
  20  1:52  Supply Depot  
  21  1:59  Orbital Command  
  21  2:02  Marine  
  22  2:12  Marine, Barracks Tech Lab  
  23  3:31  Marine x2  
  23  3:32  Marauder  
  23  3:33  Stimpack  
  26  3:36  Factory  
  26  3:39  SCV  
  27  3:45  Command Center  
  27  3:49  Barracks Tech Lab  
  27  3:50  Barracks Reactor  
  27  3:51  SCV  
  27  3:53  Marine  
  29  3:57  Refinery  
  29  3:59  Engineering Bay  
  29  4:03  SCV  
  30  4:10  Marine, Combat Shields  
  31  4:17  Supply Depot  
  31  4:38  Marine x3, SCV  
  31  4:39  Marauder  
  31  4:40  Supply Depot  
  37  4:47  Factory Tech Lab  
  37  4:51  Missile Turret  
  37  4:52  SCV  
  38  4:57  Starport  
  38  5:01  Refinery  
  38  5:04  SCV  
  39  5:46  Marine  
  39  5:47  Marine x3  
  39  5:49  Starport Reactor  
  43  5:55  Starport  
  43  6:04  SCV  
  44  6:12  Armory  
  44  6:14  Armory  
  44  6:16  SCV x2  
  46  6:20  Supply Depot  
  46  6:28  SCV x2  
  48  6:35  Starport Reactor  
  48  6:38  Starport  
  48  6:40  SCV x2  
  50  6:50  Viking  
  50  6:52  SCV  
  50  6:53  SCV  
  54  6:56  Supply Depot  
  54  7:04  SCV  
  54  7:05  SCV  
  56  7:08  Missile Turret  
  56  7:16  Refinery, SCV  
  56  7:17  SCV, Starport Reactor  
  63  7:22  Viking  
  58  7:29  SCV, Viking  
  63  7:38  Viking  
  63  7:41  SCV  
  68  7:53  SCV  
  68  7:56  Viking x2  
  71  8:06  Terran Ship Weapons Level 1  
  71  8:07  Terran Vehicle And Ship Armor Level 1  
  71  8:17  Orbital Command  
  71  8:32  Viking x3  
  77  8:44  Supply Depot  
  77  8:50  Supply Depot  
  77  8:54  Supply Depot  
  77  8:57  Supply Depot  
  77  9:00  Corvid Reactor  
  77  9:05  Raven, Viking x2  
  83  9:43  Missile Turret  
  83  9:44  Missile Turret  
  83  9:54  Missile Turret x2  
  83  9:55  Missile Turret  
  83  9:57  Missile Turret  
  83  10:00  Missile Turret  
  83  10:16  Viking x3  
  83  10:17  Missile Turret x2, Viking x2  
  83  10:18  Missile Turret  
  81  11:17  Viking x3  
  81  11:18  Viking x2  
  89  11:19  Terran Ship Weapons Level 2  
  89  11:20  Terran Vehicle And Ship Armor Level 2  
  91  11:43  Command Center  
  91  12:37  Viking x3  
  91  12:38  Viking x2  
  73  14:14  Viking x4  
  73  14:15  Viking  
  81  14:46  Viking x2  
  81  14:47  Viking x3  
  81  14:48  Command Center  
  81  14:50  Terran Ship Weapons Level 3, Terran Vehicle And Ship Armor Level 3  
  50  15:41  Command Center  
  136  16:04  Viking x3  
  50  16:09  Viking  
  58  16:15  Viking  
  56  17:11  Refinery  
  56  17:12  Planetary Fortress  
  56  17:16  Missile Turret  
  56  17:18  Missile Turret  
  56  17:20  Refinery  
  56  17:39  Viking  
  56  17:40  Viking x4  
  66  17:46  Supply Depot  
  66  17:47  Supply Depot  
  66  18:15  Viking x2  
  66  18:16  Viking x3  
  73  18:35  Missile Turret  
  73  18:41  Missile Turret  
  73  18:52  Widow Mine x2  
  77  18:59  Supply Depot  
  77  19:03  Supply Depot  
  77  19:05  Supply Depot  
  77  19:21  Widow Mine x2  
  77  19:22  Command Center  
  81  19:49  Widow Mine x2  
  85  20:18  Widow Mine x2  
  88  20:46  Widow Mine  
  88  20:47  Widow Mine  
  92  20:51  Viking x5  
  102  21:15  Widow Mine x2  
Show
View Real Time Build Order
Export as new Build Order

Rüdiger Terran 

Build Orders:  

Get SALT Encoding   

  12  1:25  Supply Depot  
  12  1:26  Refinery, SCV  
  12  1:27  Command Center  
  13  1:38  SCV  
  14  1:49  Barracks  
  14  1:50  SCV  
  14  1:53  Barracks  
  15  2:03  Refinery, SCV  
  16  2:15  SCV  
  17  2:26  Supply Depot  
  17  2:27  SCV  
  18  2:38  Barracks Tech Lab  
  18  2:39  SCV  
  19  2:46  Factory  
  20  2:51  SCV  
  20  2:54  SCV  
  20  2:55  Barracks Tech Lab  
  21  3:03  SCV  
  21  3:05  Marine  
  23  3:15  Orbital Command  
  23  3:26  Marine  
  24  3:32  Starport  
  24  3:38  Orbital Command  
  24  3:43  SCV  
  25  3:50  Factory Tech Lab  
  25  3:58  Armory  
  25  3:59  SCV  
  26  4:11  SCV  
  26  4:17  Marine x2  
  26  4:34  Hellion  
  26  4:35  Marine x2  
  28  4:53  Marine  
  28  4:55  Refinery, Hellion  
  32  5:00  Marine, SCV x2  
  32  5:06  Refinery  
  34  5:11  Marine  
  35  5:14  Terran Vehicle Weapons Level 1  
  35  5:16  Thor  
  41  5:35  SCV  
  41  5:36  SCV  
  43  5:52  Supply Depot  
  43  5:55  Starport Reactor  
  43  6:13  Engineering Bay  
  43  6:17  SCV  
  44  6:24  Marine x2  
  46  6:35  SCV x2  
  48  6:45  Medivac x2  
  52  6:54  Supply Depot  
  52  7:08  Terran Vehicle And Ship Armor Level 1  
  52  7:14  Armory, Combat Shields  
  52  7:15  Thor  
  58  7:17  Stimpack  
  58  7:29  Viking  
  60  7:36  Missile Turret  
  60  7:54  Marauder  
  60  7:55  Missile Turret  
  62  8:09  Barracks  
  62  8:10  Thor, Marine  
  62  8:11  SCV  
  70  8:14  Supply Depot  
  70  8:15  Missile Turret  
  70  8:35  Marine x2  
  70  8:36  SCV x2  
  70  8:41  Supply Depot  
  74  8:43  Terran Vehicle Weapons Level 2  
  74  8:48  Terran Infantry Weapons Level 1, SCV x2  
  76  8:53  Marine  
  76  8:54  Factory  
  77  9:00  SCV x2  
  77  9:01  Barracks Reactor  
  79  9:21  Missile Turret x2  
  79  9:26  Marine x2  
  81  9:34  Thor  
  81  9:37  Barracks  
  87  9:44  Marine x2  
  89  9:47  Marine x2  
  89  9:51  Factory Tech Lab  
  91  9:56  Missile Turret  
  91  10:01  Marine  
  91  10:02  Marine  
  91  10:05  Marine  
  94  10:26  Marine x2  
  94  10:34  Marine  
  76  10:50  Marine  
  76  10:51  Marine x2  
  76  10:52  Marine  
  80  11:08  Marine  
  80  11:09  Marine x2  
  80  11:10  Marine  
  84  11:16  Thor  
  90  11:26  Marine x3  
  90  11:27  Terran Vehicle And Ship Armor Level 2  
  90  11:28  Terran Vehicle Weapons Level 3  
  93  11:34  Marine  
  94  12:12  Marine x2  
  94  12:14  Thor  
  90  12:52  Thor  
  37  13:27  Marauder  
  37  13:28  Marauder, Marine x2  
  37  13:30  Thor  
  49  13:34  Thor  
  55  13:45  Marine  
  55  13:46  Marine  
  57  13:49  Marauder x2  
  59  14:12  Thor  
  59  14:14  Command Center  
  57  14:20  Missile Turret  
  57  14:21  Marine x4  
  54  14:38  Marine  
  54  14:39  Marine x3  
  54  14:42  Viking x2  
  54  14:45  Terran Ship Weapons Level 1  
  62  14:55  Thor  
  62  14:56  Marine  
  69  15:12  Viking x2  
  73  15:32  Terran Vehicle And Ship Armor Level 3  
  73  15:38  Thor  
  73  15:42  Medivac x2  
  83  15:53  Marine x2  
  83  15:54  Marine x2  
  87  16:11  Marine x3  
  90  16:23  Missile Turret  
  90  16:25  Missile Turret  
  90  16:45  Missile Turret  
  90  17:12  Thor  
  90  17:14  Thor  
  53  17:39  Command Center  
  53  17:55  Medivac x2  
  57  19:33  Refinery  
  54  19:51  Marine x4  
  52  20:09  Marine x4  
  52  20:24  Thor x2  
  52  20:26  Marine  
  52  20:27  Marine x3  
  68  20:44  Marine x3  
  68  20:45  Marine  
Show
View Real Time Build Order
Export as new Build Order

Tristan Zerg 

Build Orders: Hatch First 

Get SALT Encoding   

  12  0:06  Drone  
  13  0:08  Drone  
  14  0:19  Overlord  
  14  0:37  Drone x2  
  14  0:39  Drone  
  17  0:49  Drone  
  18  1:00  Drone  
  19  1:10  Hatchery  
  18  1:13  Drone  
  19  1:38  Spawning Pool  
  18  1:40  Extractor x2  
  18  1:46  Drone  
  18  1:47  Drone  
  18  1:56  Drone  
  18  1:57  Drone  
  20  2:04  Hatchery  
  19  2:09  Drone  
  20  2:20  Drone  
  21  2:28  Drone  
  22  2:35  Drone x2  
  24  2:41  Drone  
  25  2:52  Lair  
  25  2:53  Queen  
  25  2:55  Overlord  
  27  3:00  Drone  
  28  3:11  Overlord  
  28  3:16  Drone x3  
  28  3:17  Drone  
  32  3:23  Extractor  
  32  3:26  Extractor  
  30  3:29  Queen  
  30  3:30  Drone x2  
  30  3:31  Metabolic Boost  
  34  3:40  Spore Crawler  
  33  3:44  Drone  
  33  3:45  Drone  
  35  3:49  Drone  
  35  3:50  Drone  
  37  4:03  Queen  
  37  4:06  Drone x4  
  43  4:13  Nydus Network  
  42  4:18  Evolution Chamber  
  42  4:24  Zergling x8  
  45  4:35  Zergling x4  
  47  4:40  Drone  
  48  4:56  Zergling x4  
  50  5:00  Overlord x3  
  50  5:01  Zerg Melee Weapons Level 1  
  50  5:08  Nydus Canal  
  50  5:21  Zergling x2  
  50  5:22  Zergling x14  
  54  6:02  Hydralisk Den  
  53  6:10  Infestation Pit  
  51  6:14  Drone x5  
  54  6:31  Drone x9  
  63  6:39  Spore Crawler  
  61  6:42  Spine Crawler  
  61  6:46  Spore Crawler  
  59  6:47  Spore Crawler x2  
  59  6:48  Spore Crawler  
  59  6:51  Queen  
  59  6:53  Hydralisk x4, Spine Crawler  
  65  7:00  Overseer  
  65  7:02  Overlord x3  
  65  7:11  Hive  
  65  7:23  Hydralisk x3  
  65  7:24  Hydralisk x2  
  75  7:41  Muscular Augments  
  75  7:47  Evolution Chamber  
  75  7:50  Drone  
  75  7:51  Drone x2  
  77  7:57  Spore Crawler  
  76  7:59  Drone x4  
  76  8:00  Drone x2  
  76  8:01  Spore Crawler  
  76  8:05  Extractor  
  80  8:06  Extractor  
  80  8:11  Overlord x2  
  80  8:12  Overlord x3  
  79  8:21  Hydralisk  
  79  8:22  Overlord x2  
  81  8:34  Drone x3  
  84  8:38  Zerg Melee Weapons Level 2  
  84  8:39  Zerg Missile Weapons Level 1  
  84  8:52  Drone  
  84  8:53  Drone x4  
  89  8:57  Viper x4  
  89  8:58  Viper  
  104  9:31  Hydralisk x3, Viper x2  
  104  9:32  Viper x3  
  104  9:33  Hydralisk  
  104  9:34  Hydralisk x2  
  131  9:51  Spine Crawler  
  130  9:54  Spine Crawler  
  130  9:55  Drone x3  
  130  9:59  Spore Crawler  
  131  10:00  Drone x2  
  131  10:02  Drone  
  131  10:05  Drone x4  
  138  10:14  Overlord  
  138  10:33  Zerg Ground Armor Level 1  
  134  10:56  Hydralisk  
  134  10:57  Hydralisk x6  
  129  10:58  Hydralisk x2  
  138  11:18  Overlord  
  138  11:19  Overlord x4  
  138  11:46  Hatchery, Hydralisk x5  
  147  12:06  Viper x3  
  143  13:47  Hydralisk x6  
  155  13:50  Zerg Missile Weapons Level 2, Zerg Melee Weapons Level 3  
  155  14:12  Hydralisk  
  155  14:13  Hydralisk x2  
  161  14:26  Spore Crawler x2  
  159  14:46  Hydralisk  
  159  14:48  Overlord x5  
  159  14:49  Overlord x3  
  161  14:54  Lurker Den  
  145  15:47  Hydralisk x2  
  145  15:48  Hydralisk x4  
  157  16:05  Zerg Ground Armor Level 2  
  157  16:08  Hydralisk x5  
  157  16:09  Hydralisk x3  
  170  17:38  Overlord x5  
  170  17:39  Overlord x6  
  170  17:59  Zerg Missile Weapons Level 3  
  170  18:20  Hatchery  
  170  18:23  Hydralisk x6  
  170  18:24  Hydralisk x4  
  170  18:25  Hatchery  
  188  18:35  Queen  
  190  18:41  Zerg Ground Armor Level 3  
  190  18:42  Spire  
  190  18:44  Spire  
  188  18:57  Hydralisk x4  
  188  18:58  Hydralisk x2  
  157  20:13  Mutalisk x2  
  161  20:16  Viper x2  
  161  20:17  Corruptor x3  
  161  20:18  Corruptor x6  
  161  20:19  Corruptor  
  187  20:22  Zergling x2  
  187  20:23  Zergling x10  
  187  20:24  Zergling x6  
Show
View Real Time Build Order
Export as new Build Order

yulya Protoss 

Build Orders:  

Get SALT Encoding   

  12  0:02  Probe (Chrono Boost)  
  13  0:13  Probe (Chrono Boost)  
  14  0:23  Probe (Chrono Boost)  
  15  0:30  Pylon  
  15  0:48  Probe (Chrono Boost)  
  16  0:53  Gateway  
  16  0:59  Probe (Chrono Boost)  
  16  1:01  Forge  
  17  1:09  Probe (Chrono Boost)  
  18  1:12  Gateway  
  18  1:26  Assimilator  
  18  1:34  Assimilator  
  18  1:40  Photon Cannon  
  18  1:45  Cybernetics Core  
  18  1:57  Photon Cannon  
  18  2:06  Photon Cannon  
  18  2:20  Pylon  
  18  2:27  Photon Cannon  
  18  2:41  Photon Cannon  
  18  2:46  Pylon  
  18  2:48  Probe (Chrono Boost)  
  19  2:59  Probe (Chrono Boost)  
  20  3:06  Photon Cannon  
  20  3:09  Probe (Chrono Boost)  
  21  3:36  Nexus  
  21  3:42  Probe (Chrono Boost)  
  22  3:53  Probe (Chrono Boost)  
  23  4:03  Probe (Chrono Boost)  
  24  4:13  Photon Cannon  
  24  4:14  Probe (Chrono Boost)  
  25  4:24  Probe (Chrono Boost), Photon Cannon  
  26  4:35  Probe (Chrono Boost)  
  27  4:38  Zealot  
  29  4:46  Probe (Chrono Boost), Zealot  
  32  4:55  Pylon  
  32  4:56  Probe (Chrono Boost)  
  33  5:05  Stargate  
  33  5:07  Probe (Chrono Boost)  
  34  5:09  Pylon  
  34  5:39  Stargate  
  34  5:42  Stargate  
  34  5:46  Stargate  
  34  5:49  Void Ray (Chrono Boost)  
  34  5:55  Protoss Air Weapons Level 1  
  38  6:02  Photon Cannon  
  38  6:06  Photon Cannon  
  38  6:08  Assimilator, Probe (Chrono Boost)  
  39  6:20  Probe (Chrono Boost)  
  43  6:27  Void Ray (Chrono Boost)  
  43  6:29  Probe (Chrono Boost)  
  45  6:39  Probe  
  49  6:45  Void Ray (Chrono Boost)  
  50  6:50  Probe  
  59  7:03  Void Ray (Chrono Boost)  
  59  7:04  Void Ray (Chrono Boost)  
  59  7:11  Assimilator  
  59  7:12  Probe  
  60  7:23  Probe  
  60  7:28  Void Ray (Chrono Boost)  
  65  7:33  Probe  
  66  7:56  Void Ray (Chrono Boost)  
  70  8:01  Pylon x2  
  70  8:03  Pylon  
  70  8:04  Pylon  
  70  8:08  Protoss Air Armor Level 1  
  70  8:19  Void Ray (Chrono Boost)  
  74  8:22  Void Ray (Chrono Boost)  
  78  8:36  Void Ray (Chrono Boost)  
  86  9:06  Void Ray (Chrono Boost)  
  86  9:15  Nexus  
  93  9:34  Void Ray (Chrono Boost)  
  93  9:36  Void Ray (Chrono Boost)  
  93  9:43  Void Ray (Chrono Boost)  
  101  9:57  Void Ray (Chrono Boost)  
  101  9:59  Pylon  
  101  10:00  Pylon  
  101  10:02  Pylon  
  101  10:04  Nexus  
  101  10:07  Protoss Shields Level 1  
  37  10:58  Void Ray (Chrono Boost)  
  37  11:03  Void Ray (Chrono Boost)  
  37  11:04  Void Ray (Chrono Boost)  
  53  11:08  Void Ray (Chrono Boost)  
  53  11:17  Photon Cannon  
  53  11:18  Photon Cannon  
  53  11:20  Photon Cannon  
  53  11:26  Photon Cannon  
  53  11:29  Photon Cannon  
  53  11:31  Photon Cannon  
  57  11:41  Void Ray (Chrono Boost)  
  61  11:55  Void Ray (Chrono Boost)  
  61  11:59  Void Ray (Chrono Boost)  
  65  12:15  Void Ray (Chrono Boost)  
  73  12:26  Void Ray (Chrono Boost)  
  58  12:51  Void Ray (Chrono Boost)  
  66  12:54  Void Ray (Chrono Boost)  
  68  13:13  Phoenix (Chrono Boost)  
  28  14:17  Void Ray (Chrono Boost)  
  30  14:24  Phoenix (Chrono Boost)  
  29  14:47  Probe  
  30  14:59  Probe  
  29  15:11  Probe  
  30  15:17  Phoenix (Chrono Boost)  
  32  15:33  Phoenix (Chrono Boost)  
  34  15:55  Probe (Chrono Boost)  
  35  16:06  Probe (Chrono Boost)  
  36  16:17  Phoenix, Probe (Chrono Boost)  
  29  16:49  Phoenix (Chrono Boost)  
  31  17:02  Probe (Chrono Boost)  
  32  18:05  Probe (Chrono Boost)  
  33  18:16  Probe (Chrono Boost)  
  34  18:26  Probe (Chrono Boost)  
  35  18:44  Phoenix (Chrono Boost)  
  37  19:50  Zealot  
  37  19:51  Zealot  
  41  20:17  Stalker  
  41  20:18  Zealot  
  45  20:45  Zealot  
  45  20:47  Stalker  
  49  21:12  Stalker  
  49  21:17  Zealot  
Show
View Real Time Build Order
Export as new Build Order

Jhyrachy Zerg 

Build Orders: Hatch First 

Get SALT Encoding   

  12  0:01  Drone  
  13  0:09  Drone  
  14  0:17  Overlord  
  14  1:04  Drone x3  
  14  1:05  Hatchery  
  16  1:16  Drone  
  17  1:21  Extractor  
  17  1:22  Spawning Pool  
  15  1:29  Drone  
  16  1:32  Extractor  
  16  1:38  Drone  
  16  1:48  Drone  
  17  2:30  Queen  
  19  2:38  Drone  
  19  2:39  Drone x2  
  19  2:44  Queen  
  22  2:50  Drone  
  22  2:51  Drone x3  
  28  3:01  Overlord  
  28  3:16  Lair  
  28  3:19  Queen  
  28  3:20  Drone x2  
  28  3:21  Drone  
  28  3:24  Overlord  
  33  4:10  Drone  
  33  4:11  Drone x6  
  33  4:16  Extractor  
  39  4:18  Extractor  
  39  4:20  Drone  
  39  5:03  Spire  
  39  5:04  Hatchery  
  37  5:12  Drone x3  
  37  5:13  Drone  
  37  5:14  Drone x2  
  44  6:28  Overlord x2  
  44  6:29  Overlord x3  
  44  7:16  Mutalisk x7  
  44  7:17  Mutalisk x9  
  76  7:36  Zerg Flyer Weapons Level 1  
  76  7:41  Overlord x2  
  76  7:42  Overlord  
  76  7:58  Mutalisk  
  76  7:59  Mutalisk x7  
  92  8:24  Hatchery  
  89  9:35  Zerg Flyer Weapons Level 2  
  89  9:50  Queen  
  91  9:59  Mutalisk  
  91  10:00  Mutalisk x7  
  91  10:01  Mutalisk  
  89  11:37  Drone x4  
  89  11:38  Drone x7  
  100  11:49  Overlord x4  
  100  11:51  Zerg Flyer Armor Level 1  
  97  12:32  Mutalisk  
  97  12:33  Mutalisk x11  
  107  14:19  Mutalisk  
  107  14:20  Mutalisk x5  
  119  14:59  Mutalisk  
  119  15:00  Mutalisk x2, Hatchery  
  119  15:02  Overlord  
  119  15:03  Overlord x3  
  124  15:09  Extractor  
  124  15:10  Extractor  
  122  15:29  Mutalisk x4  
  122  15:30  Mutalisk x6  
  142  15:49  Zerg Flyer Armor Level 2  
  50  17:44  Spore Crawler x2  
  49  17:45  Spore Crawler  
  49  17:47  Spore Crawler x2  
  49  17:48  Spore Crawler  
  49  17:50  Spore Crawler  
  43  17:51  Spore Crawler x2  
  43  17:52  Spore Crawler x2  
  43  17:53  Spore Crawler x3  
  43  17:55  Spore Crawler x2  
  43  17:58  Spore Crawler x2  
  32  17:59  Spore Crawler x2  
  32  18:01  Spore Crawler  
  32  18:03  Spore Crawler  
  32  18:04  Spore Crawler  
  27  18:05  Spore Crawler  
  27  18:09  Spore Crawler  
  25  18:14  Spore Crawler  
  24  19:00  Spore Crawler  
  24  19:01  Spore Crawler  
  24  19:02  Spore Crawler  
  21  19:03  Spore Crawler  
  21  19:07  Spore Crawler  
  19  19:12  Spore Crawler  
Show
View Real Time Build Order
Export as new Build Order

Čepička Protoss 

Build Orders: 1 Gate Expand 

Get SALT Encoding   

  12  0:03  Probe (Chrono Boost)  
  13  0:14  Probe (Chrono Boost)  
  14  0:30  Pylon  
  14  0:33  Probe (Chrono Boost)  
  15  0:48  Probe (Chrono Boost)  
  16  0:57  Gateway  
  16  1:01  Probe (Chrono Boost)  
  17  1:17  Probe (Chrono Boost)  
  18  1:28  Probe (Chrono Boost)  
  18  1:31  Nexus  
  19  1:35  Pylon  
  19  1:39  Forge  
  19  1:44  Pylon  
  19  1:49  Assimilator  
  19  1:55  Assimilator  
  19  1:57  Probe (Chrono Boost)  
  20  2:05  Pylon  
  20  2:09  Assimilator  
  20  2:13  Assimilator  
  20  2:18  Probe (Chrono Boost)  
  20  2:39  Pylon  
  20  2:50  Probe x2 (Chrono Boost)  
  19  3:00  Photon Cannon  
  17  3:06  Pylon  
  16  3:13  Zealot  
  18  3:22  Probe (Chrono Boost)  
  18  3:24  Probe (Chrono Boost)  
  18  3:33  Probe (Chrono Boost)  
  19  3:34  Probe (Chrono Boost)  
  20  3:43  Probe (Chrono Boost)  
  20  3:45  Probe (Chrono Boost), Photon Cannon  
  22  3:54  Probe (Chrono Boost)  
  23  4:00  Probe (Chrono Boost)  
  24  4:08  Cybernetics Core  
  24  4:10  Pylon  
  24  4:21  Probe x2 (Chrono Boost)  
  26  4:38  Probe (Chrono Boost)  
  27  4:47  Probe (Chrono Boost)  
  27  4:48  Probe (Chrono Boost)  
  29  4:54  Stargate  
  29  4:56  Stargate  
  29  4:58  Stargate  
  29  5:01  Pylon  
  29  5:10  Probe x2 (Chrono Boost)  
  31  5:38  Photon Cannon  
  31  5:46  Void Ray x2  
  32  6:06  Void Ray  
  36  6:15  Probe x2 (Chrono Boost)  
  38  6:24  Photon Cannon  
  38  6:54  Void Ray, Pylon  
  42  7:04  Probe x2 (Chrono Boost)  
  44  7:16  Photon Cannon  
  44  7:19  Photon Cannon  
  44  7:22  Twilight Council  
  44  7:26  Probe (Chrono Boost)  
  44  7:27  Probe (Chrono Boost)  
  46  7:37  Probe (Chrono Boost)  
  46  7:38  Probe (Chrono Boost)  
  48  7:49  Probe (Chrono Boost)  
  48  7:50  Probe (Chrono Boost)  
  50  7:52  Void Ray  
  54  8:03  Protoss Shields Level 1 (Chrono Boost)  
  54  8:08  Protoss Air Weapons Level 1  
  54  8:10  Probe x2  
  56  8:21  Void Ray  
  60  8:32  Probe  
  61  8:37  Void Ray  
  65  8:42  Probe  
  66  8:49  Void Ray  
  70  9:08  Void Ray  
  74  9:10  Pylon  
  74  9:18  Fleet Beacon  
  74  9:41  Void Ray  
  74  9:42  Void Ray  
  82  9:54  Probe  
  83  10:02  Protoss Air Armor Level 1  
  83  10:05  Probe  
  84  10:16  Void Ray  
  68  10:45  Void Ray x2  
  52  11:07  Void Ray  
  56  11:22  Stargate  
  56  11:24  Stargate  
  56  11:30  Void Ray  
  56  11:31  Protoss Shields Level 2 (Chrono Boost)  
  60  11:43  Void Ray  
  64  11:56  Protoss Air Weapons Level 2  
  64  12:09  Photon Cannon  
  64  12:12  Photon Cannon  
  64  12:13  Photon Cannon  
  64  12:14  Pylon  
  64  12:16  Pylon  
  64  12:18  Void Ray, Pylon  
  64  12:19  Void Ray  
  72  12:45  Photon Cannon  
  72  12:46  Photon Cannon  
  72  12:48  Photon Cannon  
  72  12:50  Photon Cannon, Void Ray  
  76  12:52  Photon Cannon  
  76  13:34  Void Ray x4  
  92  13:50  Void Ray  
  96  14:17  Void Ray  
  100  14:29  Void Ray x2  
  100  14:30  Void Ray  
  112  14:53  Void Ray  
  92  15:20  Void Ray x2  
  68  15:31  Void Ray  
  72  15:55  Void Ray  
  76  16:04  Void Ray  
  52  16:59  Void Ray x2  
  55  17:32  Void Ray  
  59  17:50  Phoenix  
  61  18:02  Phoenix  
  47  18:27  Phoenix  
  49  18:58  Phoenix  
Show
View Real Time Build Order
Export as new Build Order

Anıl Terran 

Build Orders:  

Get SALT Encoding   

  12  0:32  Supply Depot  
  12  1:05  SCV  
  12  1:08  Refinery  
  13  1:19  Barracks  
  13  1:21  SCV  
  14  1:38  SCV  
  15  1:50  SCV  
  16  1:54  Refinery  
  16  2:03  SCV  
  17  2:12  Supply Depot  
  17  2:15  SCV  
  18  2:19  Engineering Bay  
  18  2:27  SCV  
  19  2:31  Reaper  
  20  2:39  SCV  
  21  2:48  Command Center  
  21  2:55  Planetary Fortress  
  21  3:03  Reaper  
  22  3:07  Barracks  
  22  3:21  Missile Turret  
  22  3:43  Missile Turret, Barracks Tech Lab  
  22  4:01  SCV  
  22  4:02  Missile Turret  
  23  4:03  Missile Turret  
  23  4:04  Barracks Reactor  
  23  4:13  SCV  
  24  4:23  Missile Turret  
  24  4:25  SCV  
  25  4:37  SCV  
  26  4:44  Missile Turret  
  26  4:49  SCV  
  26  4:59  Reaper x3  
  28  5:04  SCV  
  29  5:07  Refinery  
  29  5:10  Refinery  
  29  5:17  SCV  
  30  5:29  SCV  
  30  5:31  Reaper x2  
  30  5:32  Reaper  
  34  5:41  SCV  
  35  5:53  SCV  
  36  6:03  Terran Infantry Weapons Level 1, Reaper, Factory  
  36  6:04  Reaper x2  
  39  6:05  SCV  
  40  6:17  SCV  
  40  6:29  SCV  
  40  6:35  Reaper  
  40  6:36  Reaper  
  42  6:41  SCV  
  41  7:05  Factory  
  41  7:12  Missile Turret  
  41  7:13  SCV  
  42  7:25  SCV  
  42  7:26  Missile Turret  
  43  7:36  Command Center  
  43  7:37  Missile Turret, SCV  
  43  7:43  Factory Tech Lab  
  44  7:48  Missile Turret  
  44  7:49  SCV  
  45  7:51  Factory  
  45  7:59  Building Armor  
  45  8:01  Refinery, SCV  
  45  8:02  Refinery  
  46  8:18  Supply Depot  
  46  8:33  Missile Turret  
  46  8:39  Factory Tech Lab x2  
  47  8:41  Supply Depot  
  47  8:47  Orbital Command, Armory  
  46  9:03  Orbital Command  
  46  9:22  Supply Depot  
  46  9:34  Thor x3  
  64  9:40  Terran Vehicle Weapons Level 1  
  64  9:41  Factory  
  64  9:45  Supply Depot  
  64  9:50  Armory  
  64  10:08  Supply Depot  
  64  10:17  Thor x3  
  82  10:32  Supply Depot  
  76  10:55  Supply Depot  
  75  10:57  Terran Vehicle And Ship Armor Level 1  
  75  11:15  Barracks Tech Lab  
  75  11:19  Supply Depot  
  75  11:32  Terran Infantry Weapons Level 2  
  75  11:34  Terran Vehicle Weapons Level 2  
  75  11:38  Factory Tech Lab  
  75  11:39  Siege Tank x2  
  84  11:40  Siege Tank  
  84  11:46  Supply Depot  
  84  11:52  Missile Turret  
  84  12:14  Missile Turret  
  77  13:17  Thor  
  77  13:18  Thor  
  101  13:21  Terran Vehicle And Ship Armor Level 2  
  60  14:01  Hellion  
  44  14:27  Terran Vehicle Weapons Level 3  
  44  14:30  Command Center  
  44  14:40  Factory  
  44  15:01  Missile Turret  
  44  15:02  Missile Turret  
  44  15:03  Missile Turret  
  44  15:04  Missile Turret x3  
  44  15:07  Missile Turret  
  44  15:19  Hellion  
  44  15:21  Missile Turret  
  44  15:45  SCV  
  45  15:57  SCV  
  46  16:06  SCV  
  46  16:08  Terran Vehicle And Ship Armor Level 3  
  46  16:09  SCV  
  48  16:18  SCV  
  48  16:21  SCV  
  50  16:30  SCV  
  51  16:33  SCV  
  52  16:42  SCV  
  53  16:55  SCV  
  53  16:58  Thor x3  
  72  17:04  Terran Ship Weapons Level 1  
  72  17:14  Refinery, SCV  
  73  17:18  Hi-Sec Auto Tracking  
  73  17:26  SCV  
  74  17:34  Factory  
  74  17:38  SCV  
  75  17:51  SCV  
  76  17:57  Thor  
  76  17:58  Thor x2  
  94  18:03  SCV  
  95  18:13  Missile Turret  
  95  18:17  Factory Tech Lab  
  95  18:40  Widow Mine x3  
  101  18:52  Thor  
  107  18:58  Mag-Field Accelerator  
  107  19:08  Widow Mine  
  107  19:09  Widow Mine x2  
  113  19:20  Orbital Command  
  113  19:37  Widow Mine  
  67  20:31  Marine  
  67  20:32  Marine x2  
  67  20:35  Thor x3  
  76  20:37  Thor  
  94  20:49  Marine  
  95  20:50  Marine x2  
  97  21:07  Marine x3  
  100  21:25  Marine x3  
Show
View Real Time Build Order
Export as new Build Order

acki Protoss 

Build Orders: Nexus First 

Get SALT Encoding   

  12  0:17  Probe (Chrono Boost)  
  13  0:28  Probe (Chrono Boost)  
  14  0:38  Probe (Chrono Boost)  
  15  1:01  Nexus  
  15  1:19  Nexus  
  15  1:27  Pylon  
  15  1:45  Probe (Chrono Boost)  
  16  1:49  Gateway  
  16  1:59  Probe (Chrono Boost)  
  17  2:05  Assimilator  
  17  2:07  Assimilator  
  17  2:09  Probe (Chrono Boost)  
  17  2:14  Probe (Chrono Boost)  
  19  2:20  Probe (Chrono Boost)  
  20  2:25  Probe (Chrono Boost)  
  21  2:30  Probe (Chrono Boost)  
  21  2:35  Probe (Chrono Boost)  
  21  2:36  Probe (Chrono Boost)  
  24  2:41  Probe (Chrono Boost)  
  24  2:43  Cybernetics Core  
  25  2:46  Probe (Chrono Boost)  
  26  2:55  Probe x2 (Chrono Boost)  
  26  2:57  Probe (Chrono Boost)  
  30  3:05  Probe (Chrono Boost)  
  30  3:11  Probe (Chrono Boost)  
  30  3:12  Probe (Chrono Boost)  
  32  3:16  Assimilator, Probe (Chrono Boost)  
  32  3:19  Assimilator  
  33  3:22  Probe x2 (Chrono Boost)  
  33  3:25  Stargate  
  33  3:26  Probe (Chrono Boost)  
  36  3:28  Pylon  
  36  3:32  Probe (Chrono Boost)  
  36  3:33  Probe (Chrono Boost)  
  38  3:38  Probe (Chrono Boost)  
  39  3:43  Probe x2 (Chrono Boost)  
  42  3:48  Probe (Chrono Boost)  
  42  3:53  Probe (Chrono Boost)  
  42  3:54  Probe (Chrono Boost), Pylon  
  42  3:55  Stargate  
  44  3:59  Probe (Chrono Boost)  
  44  4:00  Forge  
  44  4:02  Protoss Air Weapons Level 1  
  45  4:04  Probe x2 (Chrono Boost)  
  45  4:09  Probe (Chrono Boost)  
  48  4:15  Probe x2 (Chrono Boost)  
  50  4:20  Probe (Chrono Boost)  
  51  4:25  Probe x2 (Chrono Boost)  
  51  4:28  Assimilator  
  51  4:29  Assimilator  
  51  4:30  Probe (Chrono Boost)  
  51  4:31  Void Ray  
  54  4:34  Protoss Shields Level 1  
  58  4:40  Void Ray  
  58  4:44  Pylon x2  
  62  4:47  Cybernetics Core  
  62  4:49  Probe x2 (Chrono Boost)  
  62  4:51  Probe (Chrono Boost)  
  65  5:00  Probe x2 (Chrono Boost)  
  65  5:01  Probe (Chrono Boost)  
  68  5:10  Stargate  
  68  5:11  Stargate  
  68  5:19  Void Ray  
  72  5:25  Protoss Air Armor Level 1  
  72  5:53  Void Ray x2  
  76  6:04  Photon Cannon  
  67  6:19  Void Ray x2  
  74  6:41  Probe (Chrono Boost)  
  74  6:44  Void Ray x2  
  83  6:53  Fleet Beacon  
  83  6:58  Pylon  
  83  6:59  Pylon  
  84  7:08  Probe (Chrono Boost)  
  84  7:09  Probe (Chrono Boost)  
  85  7:16  Probe (Chrono Boost)  
  85  7:19  Probe x2 (Chrono Boost)  
  88  7:27  Probe (Chrono Boost), Twilight Council  
  88  7:28  Void Ray x3  
  101  7:36  Pylon  
  101  7:38  Pylon  
  101  7:40  Pylon  
  101  7:41  Pylon  
  101  7:42  Pylon  
  101  7:43  Pylon  
  101  7:46  Pylon  
  101  7:47  Pylon  
  101  7:48  Pylon  
  101  7:50  Protoss Shields Level 2  
  101  7:53  Probe (Chrono Boost), Protoss Air Armor Level 2 (Chrono Boost), Protoss Air Weapons Level 2 (Chrono Boost)  
  101  7:54  Probe x2 (Chrono Boost)  
  104  8:05  Probe  
  105  8:06  Probe x2  
  107  8:17  Probe  
  107  8:18  Probe x2  
  110  8:21  Stargate  
  110  8:35  Mothership Core  
  112  8:45  Nexus  
  112  8:48  Assimilator  
  112  8:51  Void Ray x3  
  112  8:52  Assimilator  
  112  8:55  Pylon  
  124  8:56  Pylon  
  124  8:58  Pylon  
  124  9:00  Pylon  
  130  9:15  Robotics Facility  
  130  9:28  Photon Cannon  
  130  9:30  Photon Cannon  
  130  9:31  Photon Cannon  
  130  9:33  Photon Cannon  
  130  9:35  Photon Cannon  
  130  9:37  Photon Cannon  
  130  9:38  Photon Cannon  
  130  9:39  Void Ray  
  130  9:40  Void Ray, Photon Cannon  
  130  9:42  Void Ray  
  142  10:03  Protoss Air Weapons Level 3 (Chrono Boost)  
  118  10:56  Void Ray x4  
  80  11:14  Protoss Shields Level 3, Mothership Core  
  82  11:37  Assimilator, Nexus  
  82  11:39  Void Ray x4  
  98  11:41  Assimilator  
  96  12:22  Void Ray  
  100  12:31  Void Ray x3  
  110  13:04  Void Ray  
  103  13:13  Void Ray  
  103  13:14  Void Ray  
  98  13:36  Void Ray  
  98  13:47  Void Ray  
  102  14:27  Void Ray x2  
  102  14:28  Void Ray  
  114  14:46  Nexus  
  114  14:48  Assimilator  
  114  14:51  Assimilator  
  78  15:23  Void Ray x2  
  86  15:36  Void Ray  
  90  15:52  Assimilator  
  90  15:58  Assimilator  
  90  16:00  Nexus  
  90  16:03  Void Ray  
  94  16:45  Void Ray  
  98  16:49  Mothership Core  
  33  17:30  Void Ray  
  36  17:48  Observer  
  36  17:50  Void Ray  
  41  18:17  Void Ray  
  45  19:41  Nexus  
  45  19:47  Assimilator  
Tags
 
Add a new tag
Caveats
  • Supply blocks, unpowered buildings, or Contaminate may cause inaccurate times.
  • Supply counts are checked every 10 seconds.